 Dungeon Crawl Stone Soup version 0.31.0-32-g396128a36d (webtiles) character file.

Game seed: 17054457768211833276

2471 arta456 the Conjurer (level 9, -17/68 HPs)
             Began as a Demigod Conjurer on Mar 30, 2024.
             Demolished by a white ugly thing (19 damage)
             ... on level 7 of the Dungeon on Apr 14, 2024.
             The game lasted 00:38:16 (7674 turns).

arta456 the Conjurer (Demigod Conjurer)             Turns: 7674, Time: 00:38:17

Health: -17/68     AC:  4    Str: 12    XL:     9   Next: 6%
Magic:  0/21       EV: 14    Int: 28    God:
Gold:   305        SH:  0    Dex: 18    Spells: 12/19 levels left

rFire   . . .        I - +5 hammer (drain)
rCold   . . .        (no shield)
rNeg    . . .        a - +0 robe
rPois   .            u - +0 helmet
rElec   .            w - +0 cloak
rCorr   .            (no gloves)
SInv    .            (no boots)
Will    +....        (no amulet)
Stlth   +++          m - ring of willpower
HPRegen 0.31/turn    E - +6 ring of dexterity
MPRegen 0.17/turn

%: no passive effects
@: no status effects
A: high MP 1, forlorn, divine attributes
a: no special abilities


You were on level 7 of the Dungeon.
You visited 1 branch of the dungeon, and saw 7 of its levels.

You collected 400 gold pieces.
You spent 95 gold pieces at shops.

Inventory:

Hand Weapons
 j - the +0 short sword "Sugyben" {flame, Will+}
   (You found it on level 6 of the Dungeon)

   Will+:     It increases your willpower.
 s - a +2 great sword of electrocution
 C - a +0 great sword
 I - a +5 hammer of draining (weapon)
Armour
 a - a +0 robe (worn)
 u - a +0 helmet (worn)
 w - a +0 cloak (worn)
 H - an orb of mayhem
Jewellery
 k - a ring of protection from cold
 m - a ring of willpower (left hand)
 y - a ring of flight
 z - an amulet of guardian spirit
 E - a +6 ring of dexterity (right hand)
Talismans
 e - a serpent talisman
Wands
 b - a wand of flame (21)
 t - a wand of polymorph (16)
Scrolls
 f - 7 scrolls of teleportation
 i - 2 scrolls of noise
 l - a scroll of butterflies
 n - a scroll of revelation
 o - 6 scrolls of fog
 v - 2 scrolls of vulnerability
Potions
 c - 3 potions of curing
 d - a potion of heal wounds {unknown}
 g - a potion of lignification {unknown}
 h - 2 potions of brilliance {unknown}
 p - 2 potions of mutation {unknown}
 q - 2 potions of enlightenment {unknown}
 r - 2 potions of haste {unknown}
 x - 2 potions of invisibility {unknown}
 A - a potion of magic
 B - a potion of attraction {unknown}
 D - 2 potions of degeneration {unknown}


   Skills:
 + Level 2.5 Fighting
 + Level 2.2 Short Blades
 + Level 2.3 Maces & Flails
 + Level 4.0 Dodging
 + Level 4.9 Stealth
 + Level 5.7 Spellcasting
 + Level 7.2 Conjurations
 + Level 1.3 Translocations


You had 12 spell levels left.
You knew the following spells:

 Your Spells              Type           Power      Damage    Failure   Level
a - Magic Dart            Conj           100%       1d8       1%          1
b - Searing Ray           Conj           96%        2d7       1%          2
c - Iskenderun's Mystic   Conj/Tloc      32%        2d8       11%         4

Your spell library contained the following spells:

 Spells                   Type           Power      Damage    Failure   Level
 Necrotise                Necr           28%        1d5       6%          1
 Fulminant Prism          Conj/Alch      14%        3d8       14%         4
 Tukima's Dance           Hex            7%         N/A       19%         3
 Vampiric Draining        Necr           7%         2d6       19%         3
 Dimensional Bullseye     Hex/Tloc       5%         N/A       43%         4
 Animate Armour           Summ/Erth      14%        N/A       52%         4
 Martyr's Knell           Necr/Summ      7%         N/A       52%         4
 Summon Lightning Spire   Summ/Air       7%         N/A       52%         4
 Summon Forest            Summ/Tloc      5%         N/A       78%         5
 Curse of Agony           Necr           7%         N/A       86%         5
 Lee's Rapid Deconstruct  Erth           3%         3d5*      86%         5
 Eringya's Noxious Bog    Alch           3%         4d6       100%        6
 Summon Hydra             Summ           3%         N/A       100%        7


Dungeon Overview and Level Annotations

Branches:
Dungeon (7/15)             Temple (0/1) D:6

Shops:
D:2 ?:


Innate Abilities, Weirdness & Mutations

You have an increased reservoir of magic. (+10% MP)
You shall have no god before yourself.
Your divine heritage dramatically boosts your attributes as you level up.


Message History

The centaur is heavily wounded.
The centaur is knocked back by the mystic blast.
The mystic blast hits the white ugly thing.
The white ugly thing is heavily wounded.
The white ugly thing is knocked back by the mystic blast.
The white ugly thing collides with the centaur!
The centaur is severely wounded.
The white ugly thing is heavily wounded.
Casting: Iskenderun's Mystic Blast (dangerous; 11% risk of failure)
Confirm with . or Enter, or press ? or * to list all spells.
You erupt in a blast of force!
The mystic blast hits the white ugly thing.
The white ugly thing is severely wounded.
The white ugly thing is knocked back by the mystic blast.
The white ugly thing collides with the centaur!
The centaur is almost dead.
The white ugly thing is severely wounded.
Casting: Iskenderun's Mystic Blast (dangerous; 11% risk of failure)
Confirm with . or Enter, or press ? or * to list all spells.
You erupt in a blast of force!
The mystic blast hits the white ugly thing but does no damage.
The white ugly thing is severely wounded.
The white ugly thing tail-slaps you but does no damage.
Unknown command.
Casting: Iskenderun's Mystic Blast (dangerous; 11% risk of failure)
Confirm with . or Enter, or press ? or * to list all spells.
Aiming: Searing Ray (safe; 1% risk of failure)
Press: ? - help, Shift-Dir - straight line, f - scorpion
Aim: a scorpion (83% to hit)
The searing ray hits the white ugly thing.
The white ugly thing is severely wounded.
The searing ray hits the centaur.
You kill the centaur!
The searing ray hits the scorpion!
The scorpion is moderately wounded. (Press . to maintain the ray.)
The white ugly thing tail-slaps you.
* * * LOW HITPOINT WARNING * * *
The white ugly thing freezes you!!
You die...

#......# #.....#
#......# #.....#
#.####.# #.....# #
####.# #.....## #....#
#....).) #.#..#
###.#.####
#.#..###...#.####
#######.#..##.(#.#.#...
#...su@...###.####.#.##
....h###.#####'## #.#.#
... #..###^.^###...# .
#####^..^.######
##^.^## #^^_^^# #######


You could see a white ugly thing, a black bear and a scorpion.

Vanquished Creatures
  A black bear (D:7)
  An ice beast (D:5)
  A sky beast (D:7)
  An ogre (D:5)
  A centaur (D:7)
  A weeping skull (D:7)
  Blork the orc (D:6)
  A bullfrog (D:7)
  3 scorpions
  14 wights (D:6)
  2 howler monkeys (D:6)
  A bombardier beetle (D:5)
  3 hounds
  2 orc priests
  Crazy Yiuf (D:3)
  2 gnoll boudas
  3 jellies
  A sleepcap (D:6)
  Ijyb (D:4)
  4 iguanas
  5 orc wizards
  9 gnolls
  8 adders
  A shadow imp (D:5)
  A ribbon worm (D:2)
  15 dart slugs
  23 orcs
  3 ball pythons
  7 bats (D:1)
  4 endoplasms
  5 giant cockroaches
  5 hobgoblins
  6 kobolds
  5 frilled lizards
  7 goblins
  4 rats
  2 spectral orcs
155 creatures vanquished.

Notes
Turn   | Place    | Note
-------+----------+-------------------------------------------
     0 | D:1      | arta456 the Demigod Conjurer began the quest for the Orb.
     0 | D:1      | Reached XP level 1. HP: 14/14 MP: 5/5
   214 | D:1      | Reached skill level 4 in Conjurations
   373 | D:1      | Reached XP level 2. HP: 20/20 MP: 0/7
  1190 | D:2      | Found Ekhisil's Magic Scroll Shop.
  1202 | D:2      | Bought a scroll of enchant weapon for 75 gold pieces
  1202 | D:2      | Bought a scroll of identify for 20 gold pieces
  1213 | D:2      | Found Juritt's Vocational Training.
  1311 | D:2      | Reached XP level 3. HP: 26/26 MP: 6/8
  1413 | D:2      | Learned a level 2 spell: Searing Ray
  2084 | D:3      | Reached XP level 4. HP: 33/33 MP: 6/10
  2487 | D:3      | Identified the +3 hammer of Rame {antimagic, *Noise rF+ rN+
                  | Int+5}
  2492 | D:3      | Found a runed translucent door.
  2493 | D:3      | Noticed Crazy Yiuf
  2822 | D:3      | Learned a level 4 spell: Iskenderun's Mystic Blast
  3091 | D:3      | Reached XP level 5. HP: 28/38 MP: 1/11
  3580 | D:4      | Reached skill level 5 in Conjurations
  3978 | D:4      | Reached XP level 6. HP: 41/45 MP: 7/13
  4167 | D:5      | Entered Level 5 of the Dungeon
  4175 | D:5      | Noticed Ijyb
  4197 | D:4      | HP: 2/45 [Ijyb/+5 club (3)]
  4198 | D:4      | Killed Ijyb
  4383 | D:5      | Reached skill level 1 in Short Blades
  4806 | D:5      | Reached XP level 7. HP: 51/51 MP: 10/16
  5219 | D:5      | Reached skill level 1 in Fighting
  5468 | D:5      | Reached skill level 6 in Conjurations
  5711 | D:3      | Killed Crazy Yiuf
  6032 | D:6      | Identified the +0 short sword "Sugyben" {flame, Will+}
  6216 | D:6      | Reached XP level 8. HP: 50/59 MP: 9/18
  6395 | D:6      | Reached skill level 1 in Maces & Flails
  6395 | D:6      | Reached skill level 5 in Spellcasting
  6671 | D:6      | Found a staircase to the Ecumenical Temple.
  6741 | D:6      | Reached skill level 7 in Conjurations
  6744 | D:6      | Noticed Blork the orc
  6756 | D:6      | Killed Blork the orc
  6999 | D:6      | Reached skill level 1 in Translocations
  7545 | D:7      | Reached XP level 9. HP: 46/68 MP: 16/21
  7659 | D:7      | Noticed a white ugly thing
  7670 | D:7      | HP: 3/68 [white ugly thing (30)]
  7674 | D:7      | Demolished by a white ugly thing

Illustrated notes

Levels and vault maps discovered:
D:1:      wander_arrival_peaceful_grave, layout_basic,
          ebering_ecumenical_altar_mist
D:2:      layout_rooms, serial_shops, shop, minmay_misc_feat_tower,
          nicolae_shop_vocational
D:3:      kennysheep_slugbush, layout_loops_corners, cheibriados_altar_1,
          nicolae_overflow_crystal_walls, uniq_crazy_yiuf_cottage
D:4:      layout_rooms, nicolae_hepliaklqana_monster_ancestors
D:5:      layout_loops_corners, nemelex_diamond_rough_becter, uniq_ijyb
D:6:      layout_basic, eat_drink_and_be_merry_uskayaw,
          mainiacjoe_overflow_large_starburst, minmay_temple_entry_tees,
          chequers_avenue, uniq_blork_the_orc
D:7:      layout_basic, yredelemnul_forgotten_temple_becter, uniq_duvessa

Skill      XL: |  1  2  3  4  5  6  7  8 |
---------------+-------------------------+-----
Conjurations   | 4 5 6 7 |  7.2
Spellcasting   | 2 3 4 5 |  5.7
Stealth        | 2 3 4 |  4.9
Dodging        | 2 3 4 |  4.0
Short Blades   | 1 2 |  2.2
Fighting       | 1 2 |  2.5
Maces & Flails | 2 |  2.3
Translocations | 1 |  1.3

Action                     |  1- 3 |  4- 6 |  7- 9 || total
---------------------------+-------+-------+-------++-------
  Melee: Unarmed           |     2 |       |       ||     2
         Short sword       |    11 |    25 |       ||    36
         Punch             |       |     1 |       ||     1
         Club              |       |       |     6 ||     6
         Mace              |       |       |    27 ||    27
   Cast: Magic Dart        |    72 |    13 |     4 ||    89
         Searing Ray       |     4 |    43 |    39 ||    86
         Iskenderun's Myst |       |     1 |    14 ||    15
    Use: Scroll            |     3 |     3 |    10 ||    16
         Potion            |       |     2 |       ||     2
   Stab: Sleeping          |     1 |     1 |     1 ||     3
         Distracted        |     1 |       |       ||     1
 Armour: Robe              |    21 |    33 |    48 ||   102
  Dodge: Dodged            |    29 |    40 |    46 ||   115
